 Dungeon Crawl Stone Soup version 0.18-a0-1577-gf591c28 (webtiles) character file.

14046 poirepourri the Blocker (level 12, 0/73 HPs)
             Began as a Gargoyle Fighter on Mar 17, 2016.
             Was an Elder of Makhleb.
             Killed by divine providence
             ... invoked by an orc priest
              (11 damage)
             ... on level 1 of the Orcish Mines.
             The game lasted 00:29:27 (12003 turns).

poirepourri the Blocker (Gargoyle Fighter)         Turns: 12003, Time: 00:29:27

Health: 0/73       AC: 32    Str: 23    XL:     12   Next: 12%
Magic:  13/13      EV: 12    Int: 11    God:    Makhleb [****..]
Gold:   375        SH: 12    Dex:  9    Spells: 0 memorised, 11 levels left

rFire  . . .     SeeInvis +     a - +0 mace (protect)
rCold  . . .     Gourm    .     k - +4 scale mail
rNeg   + . .     Faith    .     c - +0 shield
rPois  ∞         Spirit   .     p - +0 helmet
rElec  +         Dismiss  .     l - +0 cloak
rCorr  .         Reflect  .     m - +2 pair of gloves
SustAt .         Harm     .     (no boots)
MR     .....                    (no amulet)
Stlth  +.........               (no ring)
                                t - ring "Faball Sase" {+Fly Slay+4}

@: not resistant to hostile enchantments, very unstealthy
A: see invisible, negative energy resistance 1, electricity resistance,
unbreathing, petrification resistance, rot immunity, AC +8
a: Minor Destruction, Lesser Servant of Makhleb, Major Destruction, Renounce
Religion, Evoke Flight


You were on level 1 of the Orcish Mines.
You worshipped Makhleb.
Makhleb was greatly pleased with you.
You were not hungry.

You visited 2 branches of the dungeon, and saw 12 of its levels.

You collected 622 gold pieces.
You spent 247 gold pieces at shops.

Inventory:

Hand Weapons
 a - a +0 mace of protection (weapon)
 b - a +0 blowgun
Missiles
 i - 29 poisoned needles
 v - 2 needles of paralysis
Armour
 c - a +0 shield (worn)
 k - a +4 scale mail (worn)
 l - a +0 cloak (worn)
 m - a +2 pair of gloves (worn)
 p - a +0 helmet (worn)
Jewellery
 n - an uncursed ring of ice
 t - the ring "Faball Sase" (left hand) {+Fly Slay+4}
   (You found it on level 4 of the Dungeon)

   [ring of flight]

   It affects your accuracy and damage with ranged weapons and melee attacks
   (+4).
   It lets you fly.
Wands
 d - a wand of disintegration (6/24)
 w - a wand of hasting (6/9)
 y - a wand of flame (23/48)
 B - a wand of iceblast (5/15)
Potions
 j - 2 potions of brilliance
Books
 g - a book of Enchantments

   Spells                             Type                      Level
   a - Cause Fear                     Hexes                        4
   b - Yara's Violent Unravelling     Hexes/Transmutation          5
   c - Silence                        Hexes/Air                    5
   d - Deflect Missiles               Charms/Air                   6
   e - Haste                          Charms                       6
   f - Discord                        Hexes                        8
 x - a book of the Tempests

   Spells                             Type                      Level
   a - Static Discharge               Conjuration/Air              3
   b - Lightning Bolt                 Conjuration/Air              5
   c - Fireball                       Conjuration/Fire             5
   d - Tornado                        Air                          9
   e - Shatter                        Earth                        9
 A - a book of Unlife

   Spells                             Type                      Level
   a - Recall                         Summoning/Translocation      3
   b - Animate Dead                   Necromancy                   4
   c - Control Undead                 Necromancy                   4
   d - Cigotuvi's Embrace             Necromancy                   5
   e - Death Channel                  Necromancy                   6
   f - Simulacrum                     Ice/Necromancy               6
Comestibles
 e - a beef jerky
 u - 4 fruits


   Skills:
 + Level 7.7 Fighting
 + Level 8.3 Maces & Flails
 + Level 1.5 Throwing
 + Level 7.9 Armour
 + Level 8.5 Dodging
 + Level 2.3 Stealth
 + Level 11.6 Shields
 + Level 2.6 Invocations


You had 11 spell levels left.
You didn't know any spells.

Dungeon Overview and Level Annotations

Branches:
Dungeon (10/15)            Temple (0/1) D:7            Lair (0/8) D:9
    Orc (2/2) D:9
    Elf: Orc:2

Altars:
Ashenzari
Fedhas
Kikubaaqudgha
Makhleb
Nemelex Xobeh
Okawaru
Pakellas
Qazlal
Vehumet

Shops:
D:8 [

Annotations:
D:8 Maurice


Innate Abilities, Weirdness & Mutations

You are resistant to torment.
Your stone body is resilient (AC +8).
You are immune to poison.
You resist negative energy.
You are resistant to electric shocks.
You can survive without breathing.
You are immune to petrification.
You are immune to rotting.
You have supernaturally acute eyesight.


Message History

The orc priest completely misses you.
The orc priest hits you but does no damage.
You climb upwards.
There is a stone staircase leading down, spattered with blood here.
Things that are here:
a plate armour; a scimitar You sock the orc priest!
The orc priest is heavily wounded.
You block the orc priest's attack.
You hit the orc priest.
The orc priest is almost dead.
The orc priest casts a cantrip, but nothing happens.
You hit the orc priest but do no damage.
The orc priest is almost dead.
The orc priest hits you but does no damage.
You closely miss the orc priest.
The orc priest is almost dead.
The orc priest calls down the wrath of Beogh upon you.
Beogh smites you!
You die...

###..#...#((.#..#....
###...###..#[)###.....#
#.....###..[[####....##
###....#...[)[.##).#..#
#.........#...)<##...
##.....#####....##...
##.....####....####.
##....##.#.....#...
####o@#..##...#.......
#.#[[##.......#.)....#
#....###.....###...)##
#....##......##.....!#
####..#..#.....^.#....
#......##......##.#.
####..######...#####
#...# #.#### ##. #####
### ####..


You could see an orc priest.

Vanquished Creatures
  Erolcha (D:8)
  A hill giant (D:10)
  An orc sorcerer (Orc:1)
  A centaur zombie (D:10)
  A centaur skeleton (D:10)
  Grinder (D:6)
  A slime creature (D:9)
  A two-headed ogre (D:8)
  Eustachio (D:6)
  13 yaks (D:9)
  A hippogriff (D:10)
  Menkaure (D:7)
  A water moccasin (D:7)
  6 ice beasts
  9 orc warriors
  6 sky beasts
  2 black bears
  A necrophage (D:5)
  2 phantoms
  6 ogres
  8 centaurs
  A big kobold (D:7)
  8 giant frogs
  A wyvern zombie (D:9)
  6 killer bees (D:7)
  2 scorpions
  4 wights (D:9)
  2 vampire bats (D:2)
  6 electric eels (D:9)
  A quasit (D:9)
  A wasp zombie (D:8)
  6 orc priests
  7 hounds
  A jelly (D:7)
  4 iguanas
  6 orc wizards
  7 worker ants
  2 hound skeletons
  6 gnolls
  18 adders
  2 shadow imps
  An ooze (D:3)
  3 adder skeletons
  An adder zombie (D:6)
  3 worms (D:2)
  3 dart slugs
  7 giant geckos
  33 orcs
  3 bat skeletons (D:2)
  3 bat zombies (D:2)
  7 giant cockroaches
  5 goblins
  13 hobgoblins
  14 jackals
  10 kobolds
  2 quokkas
  A ball python (D:1)
  2 bats
  5 giant newts
  8 rats
280 creatures vanquished.

Vanquished Creatures (collateral kills)
  Maud (D:10)
  Fannar (Orc:1)
  The ghost of poirepourri the Blocker, a novice GrFi of Makhleb (D:10)
  A komodo dragon (D:10)
  3 slime creatures (D:10)
  A hippogriff (D:10)
  A soldier ant (D:9)
  An orc warrior (Orc:1)
  A necrophage (D:10)
  A phantom (D:10)
  A big kobold (D:10)
  6 killer bees (D:10)
  A gnoll shaman (D:10)
  An orc priest (Orc:1)
  3 gnolls
  2 orcs (Orc:1)
  A jackal (D:10)
  3 kobolds (D:10)
30 creatures vanquished.

Vanquished Creatures (others)
  An orc wizard (D:7)
  3 plants (D:9)
4 creatures vanquished.

Grand Total: 314 creatures vanquished

Notes
Turn   | Place    | Note
--------------------------------------------------------------
     0 | D:1      | poirepourri the Gargoyle Fighter began the quest for the Orb.
     0 | D:1      | Reached XP level 1. HP: 14/14 MP: 1/1
   170 | D:1      | Reached XP level 2. HP: 9/19 MP: 2/2
   688 | D:1      | Reached XP level 3. HP: 21/23 MP: 3/3
  1157 | D:1      | Reached skill level 1 in Dodging
  1245 | D:2      | You fall through a shaft!
  1559 | D:3      | Reached XP level 4. HP: 25/28 MP: 4/4
  2009 | D:2      | Found an ancient bone altar of Kikubaaqudgha.
  2049 | D:2      | Reached skill level 4 in Shields
  2049 | D:2      | Reached XP level 5. HP: 26/33 MP: 5/5
  2364 | D:3      | Reached XP level 6. HP: 31/38 MP: 6/6
  3237 | D:4      | Reached skill level 5 in Shields
  3925 | D:4      | Reached XP level 7. HP: 42/44 MP: 7/7
  4223 | D:4      | Got a translucent bone ring
  4407 | D:4      | Identified the ring "Faball Sase" {+Fly Slay+4} (You found it on level 4 of the Dungeon)
  4962 | D:5      | Entered Level 5 of the Dungeon
  5034 | D:5      | Reached skill level 6 in Shields
  5074 | D:5      | Found a sparkling altar of Nemelex Xobeh.
  5078 | D:5      | Found a shattered altar of Ashenzari.
  5079 | D:5      | Found an iron altar of Okawaru.
  5079 | D:5      | Found a burning altar of Makhleb.
  5080 | D:5      | Found a stormy altar of Qazlal.
  5085 | D:5      | Found a blossoming altar of Fedhas.
  5091 | D:5      | Became a worshipper of Makhleb the Destroyer
  5210 | D:5      | Reached XP level 8. HP: 48/48 MP: 8/8
  5323 | D:5      | Found an oddly glowing altar of Pakellas.
  5584 | D:5      | Reached skill level 5 in Fighting
  5809 | D:6      | Noticed Eustachio
  5848 | D:6      | Killed Eustachio
  5848 | D:6      | Reached skill level 7 in Shields
  6154 | D:6      | Noticed Grinder
  6176 | D:6      | Killed Grinder
  6176 | D:6      | Reached * piety under Makhleb
  6176 | D:6      | Reached skill level 5 in Armour
  6176 | D:6      | Reached skill level 8 in Shields
  6176 | D:6      | Reached XP level 9. HP: 45/54 MP: 9/9
  6219 | D:6      | Reached skill level 5 in Dodging
  6446 | D:6      | Reached skill level 5 in Maces & Flails
  6579 | D:6      | Found a radiant altar of Vehumet.
  7207 | D:7      | Found a staircase to the Ecumenical Temple.
  7238 | D:7      | Reached skill level 9 in Shields
  7505 | D:7      | Noticed Menkaure
  7512 | D:7      | Killed Menkaure
  7543 | D:7      | Reached ** piety under Makhleb
  7665 | D:7      | Reached XP level 10. HP: 60/60 MP: 10/10
  7822 | D:8      | Reached skill level 1 in Stealth
  7876 | D:8      | Noticed Erolcha
  7891 | D:8      | Paralysed by Erolcha for 3 turns
  7926 | D:8      | Killed Erolcha
  8138 | D:8      | Found Ishreot's Armour Boutique.
  8156 | D:8      | Bought a +2 pair of gloves for 247 gold pieces
  8496 | D:8      | Noticed Maurice
  8631 | D:9      | Gained mutation: You have very sharp teeth. [potion of mutation]
  8631 | D:9      | Gained mutation: You have supernaturally acute eyesight. [potion of mutation]
  8631 | D:9      | Lost mutation: You have very sharp teeth. [potion of mutation]
  8641 | D:9      | Reached skill level 10 in Shields
  8677 | D:9      | Found a staircase to the Orcish Mines.
  8930 | D:9      | Found a staircase to the Lair.
  8983 | D:9      | Reached *** piety under Makhleb
  9042 | D:9      | Reached XP level 11. HP: 66/66 MP: 11/11
  9890 | D:10     | Entered Level 10 of the Dungeon
  9926 | D:9      | Reached skill level 11 in Shields
 10185 | D:10     | Noticed Maud
 10187 | D:10     | Noticed poirepourri's ghost (novice GrFi)
 10323 | D:10     | Killed Maud
 10431 | D:10     | Noticed a hill giant
 10445 | D:10     | Killed a hill giant
 10445 | D:10     | Reached skill level 1 in Invocations
 10535 | D:10     | Killed poirepourri's ghost
 10835 | Orc:1    | Entered Level 1 of the Orcish Mines
 10840 | Orc:1    | Noticed Fannar
 10852 | Orc:1    | Killed Fannar
 11165 | Orc:1    | Reached XP level 12. HP: 46/73 MP: 13/13
 11403 | Orc:1    | Paralysed by an orc sorcerer for 2 turns
 11420 | Orc:1    | Paralysed by an orc sorcerer for 4 turns
 11422 | Orc:1    | Reached skill level 1 in Throwing
 11903 | Orc:2    | Entered Level 2 of the Orcish Mines
 11916 | Orc:1    | Reached **** piety under Makhleb
 12003 | Orc:1    | Killed from afar by an orc priest

Vault maps used:
D:1:      mrwooster_arrival_statue, minmay_misc_feat_room, st_stairs_5,
          kennysheep_decorative_pillar
D:2:      kennysheep_vampire_church
D:4:      first_bread
D:5:      minitemple, grunt_pakellas_basics
D:6:      kennysheep_mini_moat, uniq_grinder, uniq_eustachio
D:7:      minmay_temple_entry_crystal_x, uniq_menkaure
D:8:      serial_shops, shop, uniq_maurice, uniq_erolcha
D:9:      lair_0_dummy, serial_bayou, serial_bayou_ford_a,
          serial_bayou_lagoon_a, serial_bayou_lagoon_b, serial_bayou_pond_d
D:10:     uniq_maud
Orc:1:    led_sif_book, uniq_fannar
Orc:2:    st_orc_mages

Skill      XL: |  1  2  3  4  5  6  7  8  9 10 11 12 |
---------------+-------------------------------------+-----
Dodging        | 1 2 3 4 5 7 8 |  8.5
Shields        | 4 5 6 8 9 10 11 | 11.6
Armour         | 4 5 6 7 |  7.9
Fighting       | 4 5 6 7 |  7.7
Maces & Flails | 3 4 5 7 8 |  8.3
Stealth        | 1 2 |  2.3
Invocations    | 2 |  2.6
Throwing       | 1 |  1.5

Action                   |  1- 3 |  4- 6 |  7- 9 | 10-12 || total
-------------------------+-------+-------+-------+-------++-------
Melee: Flail             |   170 |    32 |       |       ||   202
       Mace              |       |   244 |   509 |   847 ||  1600
 Fire: Blowgun           |       |       |       |    45 ||    45
Invok: Lesser Servant of |       |       |       |    19 ||    19
       Minor Destruction |       |       |       |     2 ||     2
Evoke: Wand              |       |       |     2 |       ||     2
  Use: Scroll            |     2 |     3 |     7 |     9 ||    21
       Potion            |       |       |     4 |    11 ||    15
 Stab: Invisible         |       |       |       |     2 ||     2
       Distracted        |       |       |       |     1 ||     1
  Eat: Pizza             |     1 |       |     1 |     1 ||     3
       Bread ration      |       |     1 |     3 |     1 ||     5
       Meat ration       |       |     1 |       |     2 ||     3
       Beef jerky        |       |     1 |       |       ||     1
       Royal jelly       |       |       |       |     1 ||     1
